ORI
MISSISSIPPI STATE UNIVERSITY BULLDOGS @ UNIVERSITY OF OKLAHOMA SOONERS
11/06/2044
 
TOP OF THE 1ST
Brevard County Manatees batting - Pitching for St. Lucie Mets : RHP Otso Rintanen
Pitching: RHP Otso Rintanen
Batting: RHB Yoshiro Higuchi 0-0: Ball
1-0: Foul Ball, location: 2F
1-1: Foul Ball, location: 2F
1-2: Ball
2-2: Ball
3-2: Strikes out swinging
Batting: RHB Colin Lakin 0-0: Called Strike
0-1: Ground out 5-3 (Groundball, 5L, EV 92.5 MPH)
Batting: LHB Tom Butterbaugh 0-0: Foul Ball, location: 2F
0-1: Ball
1-1: Ball
2-1: SINGLE (Line Drive, 9LM, EV 92.5 MPH)
Batting: SHB Martin Madsen 0-0: Foul Ball, location: 2F
0-1: Called Strike
0-2: Fielders Choice at 2nd, 5-4 (Groundball, 5, EV 90.0 MPH)
Top of the 1st over - 0 runs, 1 hit, 0 errors, 1 left on base; Brevard County 0 - St. Lucie 0
BOTTOM OF THE 1ST
St. Lucie Mets batting - Pitching for Brevard County Manatees : RHP Justin Gasper
Pitching: RHP Justin Gasper
Batting: RHB José Molina 0-0: Ground out 1-3 (Groundball, 13, EV 70.6 MPH)
Batting: SHB Tomas Caldera 0-0: Swinging Strike
0-1: Swinging Strike
0-2: Strikes out swinging
Batting: RHB Dave Contreras 0-0: Called Strike
0-1: Ball
1-1: SINGLE (Flyball, 89S, EV 83.8 MPH)
Batting: LHB Chris Pulsipher 0-0: Ball
1-0: Ball
2-0: Fielders Choice at 2nd, 6-4 (Groundball, 6, EV 78.1 MPH)
Bottom of the 1st over - 0 runs, 1 hit, 0 errors, 1 left on base; Brevard County 0 - St. Lucie 0
TOP OF THE 2ND
Brevard County Manatees batting - Pitching for St. Lucie Mets : RHP Otso Rintanen
Batting: LHB Marshall Licata 0-0: Ball
1-0: Ball
2-0: Called Strike
2-1: Foul Ball, location: 2F
2-2: Fly out, F7 (Flyball, 7, EV 95.0 MPH)
Batting: RHB Ryan Franklin 0-0: Ball
1-0: Ball
2-0: Called Strike
2-1: Swinging Strike
2-2: Strikes out swinging
Batting: RHB D.J. Martinez 0-0: Swinging Strike
0-1: Ball
1-1: Foul Ball, location: 2F
1-2: Strikes out swinging
Top of the 2nd over - 0 runs, 0 hits, 0 errors, 0 left on base; Brevard County 0 - St. Lucie 0
BOTTOM OF THE 2ND
St. Lucie Mets batting - Pitching for Brevard County Manatees : RHP Justin Gasper
Batting: LHB Julio Crespo 0-0: Called Strike
0-1: Foul Ball, location: 2F
0-2: Strikes out swinging
Batting: RHB Jarne ter Horst 0-0: Ball
1-0: Called Strike
1-1: Foul Ball, location: 2F
1-2: Ball
2-2: Foul Ball, location: 2F
2-2: Foul Ball, location: 2F
2-2: Ground out 4-3 (Groundball, 4M, EV 96.3 MPH)
Batting: LHB Allen Cosentino 0-0: DOUBLE (Flyball, 9LD, EV 102.5 MPH)
Batting: RHB Steve Reichart 0-0: Swinging Strike
0-1: Ball
1-1: SINGLE (Groundball, 4D, EV 103.1 MPH)
Allen Cosentino to third
Runner from 3rd tries for Home, SAFE, throw by CF to home
Batting: LHB Otso Rintanen 0-0: Called Strike
0-1: DOUBLE (Line Drive, 78M, EV 98.1 MPH)
Steve Reichart to third
Runner from 3rd tries for Home, throw by CF and OUT! 8-2
Bottom of the 2nd over - 1 run, 3 hits, 0 errors, 1 left on base; Brevard County 0 - St. Lucie 1
TOP OF THE 3RD
Brevard County Manatees batting - Pitching for St. Lucie Mets : RHP Otso Rintanen
Batting: RHB Casey Truax 0-0: Foul Ball, location: 2F
0-1: Foul Ball, location: 2F
0-2: Ball
1-2: Ball
2-2: Strikes out swinging
Batting: RHB Justin Gasper 0-0: Foul Ball, location: 2F
0-1: Ball
1-1: Ball
2-1: Foul Ball, location: 2F
2-2: Strikes out looking
Batting: RHB Yoshiro Higuchi 0-0: Ground out 5-3 (Groundball, 5L, EV 103.8 MPH)
Top of the 3rd over - 0 runs, 0 hits, 0 errors, 0 left on base; Brevard County 0 - St. Lucie 1
BOTTOM OF THE 3RD
St. Lucie Mets batting - Pitching for Brevard County Manatees : RHP Justin Gasper
Batting: RHB José Molina 0-0: Foul Ball, location: 2F
0-1: Called Strike
0-2: Ball
1-2: Foul Ball, location: 2F
1-2: Fly out, F9 (Flyball, 9, EV 89.4 MPH)
Batting: SHB Tomas Caldera 0-0: Reached on error, E5 (Groundball, 56, EV 102.5 MPH)
Batting: RHB Dave Contreras 0-0: Ball
1-0: Fly out, F9 (Flyball, 9LS, EV 83.1 MPH)
Batting: LHB Chris Pulsipher 0-0: Called Strike
0-1: Ball
1-1: Ball
Tomas Caldera steals 2nd base
2-1: SINGLE (Groundball, 5S, EV 60.0 MPH) (infield hit)
Tomas Caldera to third
Batting: LHB Julio Crespo 0-0: Ball
1-0: Ball
2-0: Ball
3-0: Base on Balls
Chris Pulsipher to second
Batting: RHB Jarne ter Horst 0-0: Called Strike
0-1: Ball
1-1: Foul Ball, location: 2F
1-2: Ball
2-2: Ball
3-2: SINGLE (Groundball, 34D, EV 110.6 MPH)
Tomas Caldera scores
Chris Pulsipher to third
Julio Crespo to second
Chris Pulsipher scores
Julio Crespo to third
Batting: LHB Allen Cosentino 0-0: Ball
Wild Pitch!
Julio Crespo scores
Jarne ter Horst to second
1-0: Ball
2-0: SINGLE (Groundball, 34D, EV 107.5 MPH)
Jarne ter Horst to third
Runner from 3rd tries for Home, SAFE, throw by RF to home
Batting: RHB Steve Reichart 0-0: Ball
1-0: Ball
2-0: Ball
3-0: Called Strike
3-1: Swinging Strike
3-2: SINGLE (Groundball, 34S, EV 66.3 MPH) (infield hit)
Allen Cosentino to second
Batting: LHB Otso Rintanen 0-0: Called Strike
0-1: Ball
1-1: Swinging Strike
1-2: Foul Ball, location: 2F
1-2: Ball
2-2: Fielders Choice at 2nd, 6-4 (Groundball, 6, EV 101.9 MPH)
Bottom of the 3rd over - 4 runs, 4 hits, 1 error, 2 left on base; Brevard County 0 - St. Lucie 5
TOP OF THE 4TH
Brevard County Manatees batting - Pitching for St. Lucie Mets : RHP Otso Rintanen
Batting: RHB Colin Lakin 0-0: Called Strike
0-1: Called Strike
0-2: Ball
1-2: SINGLE (Flyball, 6D, EV 91.3 MPH)
Batting: LHB Tom Butterbaugh 0-0: Ball
1-0: Called Strike
1-1: Ball
2-1: Ball
3-1: Base on Balls
Colin Lakin to second
Batting: SHB Martin Madsen 0-0: Foul Ball, location: 2F
0-1: Called Strike
0-2: Ball
1-2: Strikes out swinging
Batting: LHB Marshall Licata 0-0: Called Strike
0-1: Fly out, F7 (Line Drive, 7D, EV 99.4 MPH)
Batting: RHB Ryan Franklin 0-0: DOUBLE (Line Drive, 9LM, EV 88.8 MPH)
Colin Lakin scores
Tom Butterbaugh to third
Runner from 3rd tries for Home, SAFE, no throw by RF
Batting: RHB D.J. Martinez 0-0: Ball
1-0: Ball
2-0: Called Strike
2-1: Swinging Strike
2-2: Strikes out swinging
Top of the 4th over - 2 runs, 2 hits, 0 errors, 1 left on base; Brevard County 2 - St. Lucie 5
BOTTOM OF THE 4TH
St. Lucie Mets batting - Pitching for Brevard County Manatees : RHP Justin Gasper
Batting: RHB José Molina 0-0: Swinging Strike
0-1: Foul Ball, location: 2F
0-2: Strikes out swinging
Batting: SHB Tomas Caldera 0-0: Ball
1-0: Ball
2-0: Called Strike
2-1: Ball
3-1: SINGLE (Groundball, 3D, EV 102.5 MPH)
Batting: RHB Dave Contreras 0-0: Ball
1-0: Ball
2-0: Ball
3-0: Called Strike
3-1: Called Strike
3-2: Ground out 6-3 (Groundball, 56, EV 110.6 MPH)
Tomas Caldera to second
Batting: LHB Chris Pulsipher 0-0: Ball
1-0: Ball
2-0: Foul Ball, location: 2F
2-1: Ground out 4-3 (Groundball, 4, EV 106.3 MPH)
Bottom of the 4th over - 0 runs, 1 hit, 0 errors, 1 left on base; Brevard County 2 - St. Lucie 5
TOP OF THE 5TH
Brevard County Manatees batting - Pitching for St. Lucie Mets : RHP Otso Rintanen
Batting: RHB Casey Truax 0-0: Called Strike
0-1: Ball
1-1: Ball
2-1: Ball
3-1: Foul Ball, location: 2F
3-2: Foul Ball, location: 2F
3-2: Fly out, F6 (Line Drive, 6, EV 65.0 MPH)
Pinch Hitting: RHB Ricky Wiernik 0-0: Foul Ball, location: 2F
0-1: Swinging Strike
0-2: Fly out, F8 (Line Drive, 8RD, EV 90.0 MPH)
Batting: RHB Yoshiro Higuchi 0-0: Foul Ball, location: 2F
0-1: Called Strike
0-2: SINGLE (Groundball, 25, EV 74.4 MPH) (infield hit)
Batting: RHB Colin Lakin 0-0: Called Strike
0-1: Ball
1-1: Ball
2-1: Ball
3-1: Swinging Strike
3-2: Strikes out swinging
Top of the 5th over - 0 runs, 1 hit, 0 errors, 1 left on base; Brevard County 2 - St. Lucie 5
BOTTOM OF THE 5TH
St. Lucie Mets batting - Pitching for Brevard County Manatees : RHP Justin Gasper
Pitching: RHP Cameron Raitt
Batting: LHB Julio Crespo 0-0: Ball
1-0: Ball
2-0: Ball
3-0: Called Strike
3-1: Foul Ball, location: 2F
3-2: Foul Ball, location: 2F
3-2: Foul Ball, location: 2F
3-2: Ground out 4-3 (Groundball, 4, EV 106.3 MPH)
Batting: RHB Jarne ter Horst 0-0: Ground out 5-3 (Groundball, 56S, EV 66.9 MPH)
Batting: LHB Allen Cosentino 0-0: Ball
1-0: Called Strike
1-1: Ball
2-1: Fly out, F6 (Line Drive, 6, EV 64.4 MPH)
Bottom of the 5th over - 0 runs, 0 hits, 0 errors, 0 left on base; Brevard County 2 - St. Lucie 5
TOP OF THE 6TH
Brevard County Manatees batting - Pitching for St. Lucie Mets : RHP Otso Rintanen
Pitching: RHP Nestor Fleites
Batting: LHB Tom Butterbaugh 0-0: Foul Ball, location: 2F
0-1: Foul Ball, location: 2F
0-2: Strikes out swinging
Batting: SHB Martin Madsen 0-0: Called Strike
0-1: Swinging Strike
0-2: Foul Ball, location: 2F
0-2: Ball
1-2: Strikes out swinging
Batting: LHB Marshall Licata 0-0: Ball
1-0: Foul Ball, location: 2F
1-1: Fly out, F8 (Line Drive, 8RM, EV 100.6 MPH)
Top of the 6th over - 0 runs, 0 hits, 0 errors, 0 left on base; Brevard County 2 - St. Lucie 5
BOTTOM OF THE 6TH
St. Lucie Mets batting - Pitching for Brevard County Manatees : RHP Cameron Raitt
Batting: RHB Steve Reichart 0-0: DOUBLE (Flyball, 89D, EV 93.1 MPH)
Pinch Hitting: RHB Antenor Malva 0-0: Ball
1-0: Ball
2-0: Ball
3-0: Base on Balls
Batting: RHB José Molina 0-0: Ball
1-0: Called Strike
1-1: 3-RUN HOME RUN (Flyball, 7D, EV 95.0 MPH), Distance : 392 ft
Pitching: RHP Derek Decker
Batting: SHB Tomas Caldera 0-0: Fly out, F8 (Flyball, 8LS, EV 88.8 MPH)
Batting: RHB Dave Contreras 0-0: Called Strike
0-1: Ball
1-1: Foul Ball, location: 2F
1-2: Ball
2-2: Ground out 5-3 (Groundball, 56, EV 101.3 MPH)
Batting: LHB Chris Pulsipher 0-0: Called Strike
0-1: Ground out 4-3 (Groundball, 4, EV 103.8 MPH)
Bottom of the 6th over - 3 runs, 2 hits, 0 errors, 0 left on base; Brevard County 2 - St. Lucie 8
TOP OF THE 7TH
Brevard County Manatees batting - Pitching for St. Lucie Mets : RHP Nestor Fleites
Pitching: RHP Hiroshi Murakami
Batting: RHB Ryan Franklin 0-0: Hit by Pitch
Batting: RHB D.J. Martinez 0-0: Ball
1-0: Foul Ball, location: 2F
1-1: Called Strike
1-2: Foul Ball, location: 2F
1-2: Ball
2-2: DOUBLE (Line Drive, 78XD, EV 110.6 MPH)
Ryan Franklin to third
Batting: RHB Casey Truax 0-0: Ball
1-0: Called Strike
1-1: Called Strike
1-2: Strikes out swinging
Pinch Hitting: LHB Kiyoshi Tashima 0-0: Swinging Strike
0-1: Ball
1-1: Called Strike
1-2: Ball
2-2: Strikes out swinging
Batting: RHB Yoshiro Higuchi 0-0: Called Strike
0-1: Ball
1-1: Ball
2-1: Swinging Strike
2-2: Foul Ball, location: 2F
2-2: Foul Ball, location: 2F
2-2: Ball
3-2: Foul Ball, location: 2F
3-2: DOUBLE (Line Drive, 7LM, EV 100.6 MPH)
Ryan Franklin scores
D.J. Martinez scores
Batting: RHB Colin Lakin 0-0: Called Strike
0-1: Swinging Strike
0-2: Ball
1-2: Foul Ball, location: 2F
1-2: Ball
2-2: Foul Ball, location: 2F
2-2: Foul Ball, location: 2F
2-2: Ball
3-2: Foul Ball, location: 2F
3-2: Foul Ball, location: 2F
3-2: Ground out 6-3 (Groundball, 6, EV 101.9 MPH)
Top of the 7th over - 2 runs, 2 hits, 0 errors, 1 left on base; Brevard County 4 - St. Lucie 8
BOTTOM OF THE 7TH
St. Lucie Mets batting - Pitching for Brevard County Manatees : RHP Derek Decker
Pitching: RHP Joel Beckett
Batting: LHB Julio Crespo 0-0: Ball
1-0: Ball
2-0: Foul Ball, location: 2F
2-1: Foul Ball, location: 2F
2-2: Foul Ball, location: 2F
2-2: Ball
3-2: Fly out, F9 (Line Drive, 9D, EV 86.3 MPH)
Batting: RHB Jarne ter Horst 0-0: Ball
1-0: Called Strike
1-1: Ball
2-1: Called Strike
2-2: Fly out, F6 (Line Drive, 6, EV 61.3 MPH)
Batting: LHB Allen Cosentino 0-0: Swinging Strike
0-1: Ball
1-1: Swinging Strike
1-2: Fly out, F8 (Line Drive, 8RM, EV 90.0 MPH)
Bottom of the 7th over - 0 runs, 0 hits, 0 errors, 0 left on base; Brevard County 4 - St. Lucie 8
TOP OF THE 8TH
Brevard County Manatees batting - Pitching for St. Lucie Mets : RHP Hiroshi Murakami
Pitching: RHP Jose Ricoy
Batting: LHB Tom Butterbaugh 0-0: Called Strike
0-1: Ball
1-1: Ball
2-1: Called Strike
2-2: Strikes out looking
Batting: SHB Martin Madsen 0-0: Swinging Strike
0-1: Called Strike
0-2: Ball
1-2: Ball
2-2: Strikes out swinging
Batting: LHB Marshall Licata 0-0: Ball
1-0: Foul Ball, location: 2F
1-1: Ball
2-1: Swinging Strike
2-2: Ball
3-2: Fly out, F9 (Flyball, 9LD, EV 91.9 MPH)
Top of the 8th over - 0 runs, 0 hits, 0 errors, 0 left on base; Brevard County 4 - St. Lucie 8
BOTTOM OF THE 8TH
St. Lucie Mets batting - Pitching for Brevard County Manatees : RHP Joel Beckett
Batting: RHB Steve Reichart 0-0: Ball
1-0: Ball
2-0: Called Strike
2-1: Ball
3-1: Foul Ball, location: 2F
3-2: Base on Balls
Pinch Hitting: RHB Jeff Wemp 0-0: Called Strike
Steve Reichart steals 2nd base
0-1: Ground out 4-3 (Groundball, P, EV 84.4 MPH)
Steve Reichart to third
Batting: RHB José Molina 0-0: Ball
1-0: Ball
2-0: Ball
3-0: Base on Balls
Batting: SHB Tomas Caldera 0-0: Ball
1-0: Ball
2-0: Ball
3-0: Called Strike
3-1: Foul Ball, location: 2F
3-2: Base on Balls
José Molina to second
Batting: RHB Dave Contreras 0-0: Called Strike
0-1: Foul Ball, location: 2F
0-2: Ball
1-2: Fly out, F9 (Flyball, 9S, EV 93.1 MPH)
Batting: LHB Chris Pulsipher 0-0: Called Strike
0-1: Swinging Strike
0-2: Ball
1-2: Ball
2-2: Ball
3-2: Fly out, F7 (Flyball, 7LS, EV 93.8 MPH)
Bottom of the 8th over - 0 runs, 0 hits, 0 errors, 3 left on base; Brevard County 4 - St. Lucie 8
TOP OF THE 9TH
Brevard County Manatees batting - Pitching for St. Lucie Mets : RHP Jose Ricoy
Pitching: RHP Billy Volland
Batting: RHB Ryan Franklin 0-0: Foul Ball, location: 2F
0-1: DOUBLE (Flyball, 78XD, EV 112.5 MPH) - OUT at third base trying to stretch hit.
Batting: RHB D.J. Martinez 0-0: Called Strike
0-1: Ball
1-1: Swinging Strike
1-2: Strikes out looking
Batting: RHB Casey Truax 0-0: Ball
1-0: Fly out, F4 (Popup, 34S, EV 78.1 MPH)
Top of the 9th over - 0 runs, 1 hit, 0 errors, 0 left on base; Brevard County 4 - St. Lucie 8
Thursday, March 31st , 2022 - OOTP Baseball 22.12 Build 89